 Dungeon Crawl Stone Soup version 0.25-a0-651-g8c222c7a2b (webtiles) character file.

Game seed: 1678433846946153240, levelgen mode: deterministic

30 CryoSword the Ruffian (level 3, 0/28 HPs)
             Began as a Draconian Transmuter on Mar 22, 2020.
             Succumbed to an adder's poison
             ... on level 1 of the Dungeon.
             The game lasted 00:05:03 (1554 turns).

CryoSword the Ruffian (Draconian Transmuter)        Turns: 1554, Time: 00:05:03

Health: 0/28       AC:  5    Str: 13    XL:     3   Next: 3%
Magic:  3/6        EV: 12    Int: 13    God:
Gold:   63         SH:  0    Dex: 11    Spells: 3/6 levels left

rFire    . . .     SeeInvis .     - Unarmed
rCold    . . .     Gourm    .   (no shield)
rNeg     . . .     Faith    .   (armour unavailable)
rPois    .         Spirit   .   (helmet restricted)
rElec    .         Reflect  .   (no cloak)
rCorr    .         Harm     .   (no gloves)
MR       .....                  (no boots)
Stlth    +.........             (no amulet)
HPRegen  0.09/turn              (no ring)
MPRegen  0.10/turn              (no ring)

@: lethally poisoned (0 -> -2), very slightly contaminated
A: unfitting armour, cold-blooded, AC +5
a: no special abilities


You were on level 1 of the Dungeon.
You were hungry.

You visited 1 branch of the dungeon, and saw 2 of its levels.

You collected 63 gold pieces.

Inventory:

Missiles
 a - 38 arrows
 g - 61 stones (quivered)
Jewellery
 f - an uncursed ring of protection from fire {unknown}
   (You found it on level 1 of the Dungeon)
Scrolls
 b - 2 scrolls of teleportation {unknown}
 e - a scroll of identify {unknown}
 h - a scroll of enchant armour {unknown}
 i - a scroll of magic mapping {unknown}
 j - a scroll of remove curse {unknown}
Comestibles
 c - 3 rations {!d}
 d - a chunk of flesh


   Skills:
 + Level 1.6 Fighting
 + Level 2.0 Dodging
 * Level 3.4 Unarmed Combat
 - Level 2.0 Spellcasting
 * Level 2.6 Transmutations


You had 3 spell levels left.
You knew the following spells:

 Your Spells              Type           Power        Failure   Level  Hunger
a - Beastly Appendage     Tmut           #.....       9%          1    ##.....
b - Sticks to Snakes      Tmut           #.......     13%         2    ###....

Your spell library contained the following spells:

 Spells                   Type           Power        Failure   Level  Hunger
 Spider Form              Tmut/Pois      #.........   41%         3    ####...
 Ice Form                 Ice/Tmut       #.......     83%         4    #####..
 Blade Hands              Tmut           #.........   94%         5    ######.


Dungeon Overview and Level Annotations

Branches:
Dungeon (2/15)

Altars:


Innate Abilities, Weirdness & Mutations

Your plain brown scales are hard. (AC +5)
You cannot fit into any form of body armour.
You are cold-blooded and may be slowed by cold attacks.


Message History

You closely miss the giant cockroach. The giant cockroach bites you.
You hit the giant cockroach.
The giant cockroach is heavily wounded.
The giant cockroach bites you but does no damage.
You hit the giant cockroach.
You kill the giant cockroach!
No target in view!
You butcher the giant cockroach corpse.
d - 2 chunks of flesh HP restored.
You see here a glowing hunting sling.
You open the door.
There is an open door here.
A bat comes into view.
A bat is nearby!
A bat is nearby!
Casting: Beastly Appendage (safe; 9% risk of failure)
Confirm with . or Enter, or press ? or * to list all spells.
You grow a pair of large bovine horns.
You are feeling hungry.
The bat barely misses you. The bat misses you.
The bat hits you but does no damage.
You punch the bat!
You kill the bat!
No target in view!
Eating one of 2 chunks of flesh.
You eat one of the 2 chunks of flesh.
This raw flesh tastes terrible.
Your transformation is almost over.
Your horns disappear.
You open the door.
There is an open door here.
There is an escape hatch in the floor here.
j - a scroll labeled SAOSAY KIVUY
There is a stone staircase leading down here.
Done exploring.
Search for what [? for help]? .
All of the chunks of flesh in your inventory have rotted away.
There is a stone staircase leading down here.
You climb downwards.
A kobold comes into view. It is wielding a +0 dagger.
There is a stone staircase leading up here.
Casting: Beastly Appendage (safe; 9% risk of failure)
Confirm with . or Enter, or press ? or * to list all spells.
Your feet morph into talons.
The kobold hits you with a +0 dagger.
You barely miss the kobold. You claw the kobold.
You kill the kobold!
You have reached level 3!
Your experience leads to an increase in your attributes!
Increase (S)trength, (I)ntelligence, or (D)exterity?
You feel stronger.
Your scales feel tougher.
You see here a +0 dagger.
Unknown command.
There is a stone staircase leading up here.
You open the door.
Found a scroll labeled DAXZESTUKEM.
Found a scroll labeled QUMUHI XURAUM.
There is an open door here.
Your transformation is almost over.
Found 17 stones.
A hobgoblin and an orc come into view.
The orc shouts!
An orc comes into view. It is wielding a +0 short sword.
An orc comes into view. It is wielding a +0 club.
The hobgoblin shouts!
A bat comes into view.
There is an open door here.
There is a stone staircase leading up here.
The hobgoblin hits you but does no damage.
You climb upwards.
Your talons disappear.
There is a stone staircase leading down here.
You can't go up here!
Casting: Beastly Appendage (safe; 9% risk of failure)
Confirm with . or Enter, or press ? or * to list all spells.
You grow a pair of large bovine horns.
The hobgoblin hits you but does no damage.
You hit the hobgoblin. You headbutt the hobgoblin.
You kill the hobgoblin!
Things that are here:
a +0 club; a hobgoblin corpse
Things that are here:
a +0 club; a hobgoblin corpse You butcher the hobgoblin corpse.
d - a chunk of flesh
Things that are here:
a +0 club; a hobgoblin skeleton Your transformation is almost over.
Magic restored.
Your horns disappear.
There is a stone staircase leading down here.
You climb downwards.
There is a stone staircase leading up here.
Found a runed dagger.
An adder comes into view.
The adder hisses angrily.
Found 12 gold pieces.
Casting: Beastly Appendage (safe; 9% risk of failure)
Confirm with . or Enter, or press ? or * to list all spells.
You miscast Sticks to Snakes.
You are very lightly contaminated with residual magic.
You smell something strange.
Casting: Sticks to Snakes (safe; 13% risk of failure)
Confirm with . or Enter, or press ? or * to list all spells.
You miscast Sticks to Snakes.
Your skin glows momentarily.
You are feeling hungry.
Casting: Sticks to Snakes (safe; 13% risk of failure)
Confirm with . or Enter, or press ? or * to list all spells.
You grow a pair of large bovine horns.
The adder barely misses you.
You hit the adder.
The adder is moderately wounded.
The adder bites you.
You are poisoned.
The adder poisons you!
You feel sick. The adder completely misses you.
You feel sick.
There is a stone staircase leading up here.
The adder bites you. x2
You climb upwards.
You feel sick.
There is a stone staircase leading down here.
Your transformation is almost over.
The adder completely misses you.
You feel sick. The adder bites you. The adder misses you.
You feel sick. The adder bites you.
Your horns disappear.
Casting: Beastly Appendage (safe; 9% risk of failure)
Confirm with . or Enter, or press ? or * to list all spells.
You miscast Sticks to Snakes.
Multicoloured lights dance before your eyes!
You feel sick. The adder bites you.
* * * LOW HITPOINT WARNING * * *
You are more poisoned.
The adder poisons you! The adder bites you.
* * * LOW HITPOINT WARNING * * *
You feel sick.
Casting: Sticks to Snakes (safe; 13% risk of failure)
Confirm with . or Enter, or press ? or * to list all spells.
You don't have enough magic to cast that spell.
You feel sick. The adder bites you but does no damage.
You aren't carrying any potions.
You feel sick. The adder barely misses you.
You feel sick. The adder closely misses you. The adder bites you.
* * * LOW HITPOINT WARNING * * *
You die...

##.#####...#.####.##
#.# #...#....#.# #.#
#...#..#.#.# #.#
#...####.#.# #.#
#........#.# #.#
#.#.######.## #S#
#............
##.#######.#########
#..@...>...........#
##########.#######.#
#......# #.#
###.######## ##.#
#..........####...
##................
#.#######.###....
#.# #.# #.... #.#
#.###.#'#


You could see an adder.

Vanquished Creatures
  2 dart slugs (D:1)
  A giant cockroach (D:1)
  5 goblins (D:1)
  5 hobgoblins (D:1)
  5 bats (D:1)
  A frilled lizard (D:1)
  2 kobolds
  2 rats (D:1)
23 creatures vanquished.

Notes
Turn   | Place    | Note
-------+----------+-------------------------------------------
     0 | D:1      | CryoSword the Draconian Transmuter began the quest for the
                  | Orb.
     0 | D:1      | Reached XP level 1. HP: 16/16 MP: 3/3
   402 | D:1      | Reached XP level 2. HP: 23/23 MP: 1/5
   421 | D:1      | Learned a level 2 spell: Sticks to Snakes
  1443 | D:2      | Reached XP level 3. HP: 26/28 MP: 4/6
  1553 | D:1      | HP: 1/28 [adder (5)]
  1554 | D:1      | Succumbed to an adder's poison

Levels and vault maps discovered:
D:1:      roderic_crop_circles_arrival_small, layout_basic,
          minmay_misc_feat_four_crosses, minmay_pentomino_x2
D:2:      minmay_evil_eye, layout_basic

Skill      XL: |  1  2 |
---------------+-------+-----
Dodging        | 2 |  2.0
Fighting       | |  1.6
Unarmed Combat | |  3.4
Spellcasting   | |  2.0
Transmutations | |  2.6

Action                   || total
-------------------------++-------
Melee: Unarmed           ||    57
       Kick              ||     6
       Headbutt          ||     5
       Tailslap          ||     3
Throw: Stone             ||     2
 Cast: Beastly Appendage ||    23
  Eat: Chunk             ||     2
Armor: Skin              ||    17
Dodge: Dodged            ||    33

Table legend:
 A = Non-vault XP
 B = Vault XP
 C = Vault XP percentage of total XP
 D = Non-vault monster count
 E = Vault monster count
 F = Vault count percentage of total count
                 A         B        C        D         E       F
            +---------+---------+-------+---------+---------+-------
      Total |      39 |       4 |   9.3 |      21 |       2 |   8.7
            +---------+---------+-------+---------+---------+-------
        D:1 |      37 |       4 |   9.8 |      20 |       2 |   9.1
        D:2 |       2 |       0 |   0.0 |       1 |       0 |   0.0
            +---------+---------+-------+---------+---------+-------
